 Dungeon Crawl Stone Soup version 0.23.2-33-g5129a83184 (webtiles) character file.

Game seed: 18058975343761538518

1807 Folque the Charmwright (level 8, -2/61 HPs)
             Began as a Centaur Skald on July 8, 2019.
             Was a Follower of Wu Jian.
             Slain by an orc warrior
             ... wielding a +0 battleaxe
              (20 damage)
             ... on level 7 of the Dungeon.
             The game lasted 00:29:33 (7833 turns).

Folque the Charmwright (Centaur Skald)              Turns: 7833, Time: 00:29:33

Health: -2/61      AC:  9    Str: 15    XL:     8   Next: 84%
Magic:  15/20      EV:  7    Int: 13    God:    Wu Jian [*.....]
Gold:   386        SH:  0    Dex:  9    Spells: 4/12 levels left

rFire    . . .     SeeInvis .   j - +2 short sword (speed)
rCold    . . .     Gourm    .   (no shield)
rNeg     . . .     Faith    .   b - +0 leather armour
rPois    .         Spirit   .   (no helmet)
rElec    .         Reflect  .   u - +0 cloak
rCorr    .         Harm     .   (no gloves)
MR       .....                  J - +0 centaur barding
Stlth    ..........             (no amulet)
HPRegen  0.20/turn              t - ring of magical power
MPRegen  0.17/turn              (no ring)

@: shrouded (expiring), singing, very quick
A: large, hooves 3, deformed body, speed 2, tough skin 3
a: Renounce Religion


You were on level 7 of the Dungeon.
You worshipped Wu Jian.
Wu Jian was aware of your devotion.
You were not hungry.

You visited 2 branches of the dungeon, and saw 8 of its levels.
You also visited: Sewer.

You collected 386 gold pieces.

Inventory:

Hand Weapons
 a - a +0 falchion
 j - a +2 short sword of speed (weapon)
Missiles
 y - 2 javelins (quivered)
 C - 17 tomahawks
Armour
 b - a +0 leather armour (worn)
 u - a +0 cloak (worn)
 G - a +2 robe of positive energy
 J - a +0 centaur barding (worn)
Jewellery
 t - a ring of magical power (left hand)
 F - an uncursed ring of flight {unknown}
Wands
 e - a wand of flame (23)
 D - a wand of disintegration (10)
Scrolls
 i - 7 scrolls of magic mapping
 k - 2 scrolls of amnesia {unknown}
 p - a scroll of fog {unknown}
 q - a scroll of random uselessness {unknown}
 r - 8 scrolls of teleportation {unknown}
 x - 3 scrolls of identify
 A - a scroll of vulnerability {unknown}
 B - a scroll of remove curse {unknown}
 E - a scroll of immolation {unknown}
Potions
 c - a potion of mutation {unknown}
 f - a potion of agility {unknown}
 g - 3 potions of flight {unknown}
 h - 5 potions of heal wounds
 l - 2 potions of might {unknown}
 m - a potion of berserk rage {unknown}
 n - 5 potions of haste
 o - a potion of magic {unknown}
 s - 4 potions of curing {unknown}
 v - a potion of cancellation {unknown}
 w - a potion of brilliance {unknown}
 z - a potion of ambrosia {unknown}
 H - a potion of degeneration {unknown}
Comestibles
 d - 16 rations


   Skills:
 - Level 2.0 Fighting
 * Level 4.6(4.9) Short Blades
 - Level 2.4(3.9) Long Blades
 - Level 4.5 Throwing
 - Level 0.6 Armour
 - Level 1.3 Dodging
 - Level 2.6 Spellcasting
 - Level 4.2 Hexes
 + Level 6.4 Charms
 * Level 1.9 Translocations


You had 4 spell levels left.
You knew the following spells:

 Your Spells              Type           Power        Failure   Level  Hunger
a - Infusion              Chrm           ###.         1%          1    #......
b - Shroud of Golubria    Chrm/Tloc      ##........   8%          2    ###....
c - Spectral Weapon       Hex/Chrm       ###.....     10%         3    ###....
d - Song of Slaying       Chrm           ###.....     3%          2    ###....

Your spell library contained the following spells:

 Spells                   Type           Power        Failure   Level  Hunger
 Slow                     Hex            ##......     8%          2    ###....
 Blink                    Tloc           N/A          21%         2    ###....
 Regeneration             Chrm/Necr      ##........   24%         3    ###....
 Magic Dart               Conj           #...         30%         1    #......
 Call Imp                 Summ           #.......     41%         2    ###....
 Conjure Flame            Conj/Fire      #.......     65%         3    ###....
 Mephitic Cloud           Conj/Pois/Air  #.......     65%         3    ###....


Dungeon Overview and Level Annotations

Branches:
Dungeon (7/15)             Temple (1/1) D:5

Altars:
Ashenzari
Cheibriados
Dithmenos
Elyvilon
Fedhas
Gozag
Hepliaklqana
Kikubaaqudgha
Makhleb
Nemelex Xobeh
Okawaru
Qazlal
Ru
Sif Muna
Trog
Uskayaw
Vehumet
Wu Jian
Xom
Yredelemnul
Zin

Shops:
D:4 [*(   D:5 %

Annotations:
D:4 1 runed translucent door, Sharpo's ghost, amateur GrFi
D:5 2 transporters, bmj180's ghost, amateur MiFi


Innate Abilities, Weirdness & Mutations

You have hooves in place of feet.
Armour fits poorly on your strangely shaped body.
You cover ground very quickly.
You have extremely tough skin. (AC +3)


Message History

The orc warrior is moderately wounded.
The orc warrior hits you with a +0 battleaxe!
* * * LOW HITPOINT WARNING * * *
You puncture the orc warrior!
The orc warrior is heavily wounded.
Your spectral weapon hits the orc warrior but does no damage.
You hit the orc warrior. You kick the orc warrior.
The orc warrior is heavily wounded.
Your spectral weapon hits the orc warrior.
The orc warrior closely misses your spectral weapon.
The orc warrior hits you but does no damage.
You strike the helpless orc warrior from behind!
You hit the orc warrior but do no damage.
The orc warrior is severely wounded.
Your spectral weapon hits the orc warrior but does no damage.
You spin and attack the orc warrior.
You closely miss the orc warrior.
You kick the orc warrior, but do no damage.
The orc warrior is severely wounded.
The orc warrior hits you with a +0 battleaxe!!
You die...

... ##..##.[##'
....##......#..(.#.....)
.......................[)
#.........................
....................#......
................... #.....#
.................. #.....#
................... ##......
...........@....... #.......
............o(.)>## #.......
#...............## #......#
#......[†........####......#
#.##...(.................##
#.....)(.##..###........##
.#.....>..##...##...........
.?.........................#
..........................##


You could see an orc warrior (pinned) and a friendly spectral +2 short sword of
speed.

Vanquished Creatures
  Sigmund (D:6)
  Edmund (D:6)
  A black bear (D:6)
  An orc warrior (D:7)
  An ogre (D:4)
  A centaur (D:6)
  2 bullfrogs (Sewer)
  A scorpion (D:4)
  A howler monkey (D:7)
  A bullfrog zombie (D:5)
  2 crimson imps
  2 centaur skeletons
  2 hounds
  An orc priest (D:7)
  5 orc wizards
  Jessica (D:3)
  5 worker ants
  A hound skeleton (D:4)
  4 gnolls (D:2)
  4 river rats (Sewer)
  16 adders
  A howler monkey skeleton (D:5)
  A shadow imp (D:2)
  3 oozes
  2 adder skeletons (D:4)
  A worm (D:2)
  5 dart slugs
  4 leopard geckos
  26 orcs
  7 bats
  6 giant cockroaches
  10 goblins
  4 hobgoblins
  7 jackals
  9 kobolds
  5 quokkas
  10 ball pythons
  7 frilled lizards
  A leopard gecko skeleton (D:4)
  A quokka zombie (D:6)
  30 rats
194 creatures vanquished.

Vanquished Creatures (others)
  An orc (D:7)
  4 spectral weapons
5 creatures vanquished.

Grand Total: 199 creatures vanquished

Notes
Turn   | Place    | Note
-------+----------+-------------------------------------------
     0 | D:1      | Folque the Centaur Skald began the quest for the Orb.
     0 | D:1      | Reached XP level 1. HP: 17/17 MP: 3/3
   110 | D:1      | Reached XP level 2. HP: 17/24 MP: 4/4
   125 | D:1      | Reached skill level 3 in Charms
   698 | D:1      | Reached XP level 3. HP: 23/29 MP: 5/5
   705 | D:1      | Learned a level 2 spell: Shroud of Golubria
  1150 | D:2      | Found a shimmering altar of Xom.
  1152 | D:2      | Found a shimmering altar of Xom.
  1293 | D:2      | Reached XP level 4. HP: 29/36 MP: 0/7
  1309 | D:2      | Learned a level 3 spell: Spectral Weapon
  1428 | D:2      | Reached skill level 1 in Short Blades
  2004 | D:2      | Found a faded altar of an unknown god.
  2282 | D:2      | Learned a level 2 spell: Song of Slaying
  2516 | D:3      | Found a glowing drain.
  2529 | D:3      | Reached XP level 5. HP: 32/41 MP: 0/8
  2637 | Sewer    | Entered a sewer
  2738 | Sewer    | Reached skill level 1 in Hexes
  3018 | Sewer    | HP: 1/41 [rat (3)]
  3463 | Sewer    | Reached skill level 4 in Charms
  3489 | Sewer    | Reached XP level 6. HP: 29/48 MP: 0/9
  3768 | D:3      | Noticed Jessica
  3779 | D:3      | Killed Jessica
  4504 | D:4      | Found Voteh's General Store.
  4513 | D:4      | Reached skill level 1 in Throwing
  4578 | D:4      | Reached XP level 7. HP: 46/55 MP: 10/10
  4695 | D:4      | Found Zessoikk's Antique Armour Boutique.
  5147 | D:4      | Found a shattered altar of Ashenzari.
  5147 | D:4      | Found a stormy altar of Qazlal.
  5182 | D:4      | Found a runed translucent door.
  5184 | D:4      | Noticed Sharpo's ghost (amateur GrFi)
  5249 | D:4      | Reached skill level 5 in Charms
  5403 | D:4      | Found a burning altar of Makhleb.
  5461 | D:4      | Found Foahumuj's Weapon Boutique.
  5855 | D:5      | Entered Level 5 of the Dungeon
  5974 | D:5      | Found Qopamp's Food Boutique.
  6007 | D:5      | Found a white marble altar of Elyvilon.
  6088 | D:5      | Found a transporter.
  6090 | D:5      | Noticed bmj180's ghost (amateur MiFi)
  6133 | D:5      | Found an ancient bone altar of Kikubaaqudgha.
  6176 | D:5      | Found a stormy altar of Qazlal.
  6320 | D:5      | Found a transporter.
  6415 | D:5      | Found a staircase to the Ecumenical Temple.
  6424 | Temple   | Entered the Ecumenical Temple
  6615 | Temple   | Became a worshipper of the Wu Jian Council
  6688 | D:5      | Reached XP level 8. HP: 61/61 MP: 11/11
  7150 | D:6      | Noticed Edmund
  7163 | D:6      | Killed Edmund
  7163 | D:6      | Reached skill level 6 in Charms
  7187 | D:6      | Noticed Sigmund
  7198 | D:6      | Killed Sigmund
  7371 | D:6      | Reached * piety under Wu Jian
  7631 | D:7      | Reached skill level 1 in Translocations
  7833 | D:7      | Slain by an orc warrior

Skill      XL: |  1  2  3  4  5  6  7  8 |
---------------+-------------------------+-----
Long Blades    | 2 |  2.4
Charms         | 3 4 5 6 |  6.4
Spellcasting   | 2 |  2.6
Short Blades   | 1 2 4 |  4.6
Hexes          | 2 3 4 |  4.2
Throwing       | 1 3 4 |  4.5
Translocations | 1 |  1.9
Fighting       | |  2.0
Armour         | |  0.6
Dodging        | |  1.3

Action                   |  1- 3 |  4- 6 |  7- 9 || total
-------------------------+-------+-------+-------++-------
Melee: Falchion          |    70 |       |       ||    70
       Kick              |    11 |    27 |    56 ||    94
       Short sword       |    20 |   228 |   259 ||   507
Throw: Javelin           |       |     2 |     1 ||     3
 Cast: Infusion          |     4 |    10 |     9 ||    23
       Song of Slaying   |       |     7 |     8 ||    15
       Spectral Weapon   |       |     7 |    13 ||    20
       Shroud of Golubri |       |     5 |     9 ||    14
Invok: Lunge             |       |       |     6 ||     6
       Whirlwind         |       |       |     3 ||     3
  Use: Potion            |       |     4 |       ||     4
       Scroll            |       |     3 |       ||     3
 Stab: Distracted        |       |     1 |     1 ||     2
  Eat: Chunk             |       |    12 |    11 ||    23
Armor: Leather armour    |    47 |    66 |    49 ||   162
Dodge: Dodged            |    56 |    95 |    83 ||   234
       Rpst.: Falchion   |    13 |       |       ||    13
